[Event "Early-Titled-Tuesday-Blitz-October-10-2023"]
[Site "Chess.com"]
[Date "2023.10.10"]
[Round "10"]
[White "mmDarko"]
[Black "Henryk_S"]
[Result "1/2-1/2"]
[WhiteElo "2307"]
[BlackElo "2132"]
[TimeControl "180+1"]
[EndTime "9:53:33 PDT"]
[Termination "Game drawn by repetition"]

1. d4 d5 2. Nf3 c6 3. e3 Nf6 4. Bd3 Bg4 5. O-O Nbd7 6. Nbd2 e6 7. b3 Bd6 8. h3 Bh5 9. Bb2 Bg6 10. Qe2 O-O 11.
e4 Nxe4 12. Nxe4 dxe4 13. Bxe4 Re8 14. Rad1 Qa5 15. a4 Rad8 16. Bxg6 hxg6 17. Ne5 Nxe5 18. dxe5 Be7 19. Rxd8 Rxd8 20. Rd1 Rxd1+ 21. Qxd1 Qd8 22. Qxd8+ Bxd8 23. f3 g5 24. Kf1 f5 25. exf6 gxf6 26. Ke2 Kf7 27. Ke3 Bb6+ 28. Bd4 c5 29. Bb2 f5 30.
Be5 c4+ 31. Kd2 cxb3 32. cxb3 Bd8 33. g4 a6 34. Kd3 b5 35. Bd6 Bb6 36. Be5 Kg6 37.
Kc3 Ba5+ 38. Kd4 Bb6+ 39. Kc3 Ba5+ 40. Kd4 Bb6+ 41. Kc3 1/2-1/2

[Event "Early-Titled-Tuesday-Blitz-October-10-2023"]
[Site "Chess.com"]
[Date "2023.10.10"]
[Round "10"]
[White "FGHSMN"]
[Black "DenLaz"]
[Result "1-0"]
[WhiteElo "2878"]
[BlackElo "3046"]
[TimeControl "180+1"]
[EndTime "9:53:34 PDT"]
[Termination "FGHSMN won by resignation"]

1. d4 Nf6 2. Nf3 d5 3. Bf4 c5 4. e3 Nc6 5. Nbd2 Bg4 6. h3 Bh5 7.
g4 Bg6 8. Bb5 e6 9. Ne5 Qb6 10.
c4 cxd4 11. Qa4 Rc8 12. Nb3 a6 13. Bxc6+ bxc6 14. O-O Be7 15. Nxd4 O-O 16. Ndxc6 Rfe8 17. Rac1 Bf8 18. b4 dxc4 19. Rxc4 Nd5 20. Rfc1 Qb5 21. Qb3 Qb6 22. a4 Nxf4 23. exf4 Rc7 24. Qe3 Rb7 25. Qxb6 Rxb6 26. Nd7 Rb7 27. Nxf8 Kxf8 28. Ne5 f6 29. Nc6 Rc8 30. Na5 Rxc4 31. Rxc4 Rd7 32. f3 Rd1+ 33. Kf2 Rb1 34. Nb7 Bd3 35. Rd4 Bc2 36.
Nc5 Ke7 37. a5 e5 38. fxe5 fxe5 39. Rd7+ Ke8 40. Rd2 Bg6 41. Nxa6 Ke7 42. Nc7 1-0

[Event "Early-Titled-Tuesday-Blitz-October-10-2023"]
[Site "Chess.com"]
[Date "2023.10.10"]
[Round "10"]
[White "c63_amg"]
[Black "elprimo2012mortis"]
[Result "0-1"]
[WhiteElo "2788"]
[BlackElo "2707"]
[TimeControl "180+1"]
[EndTime "9:53:34 PDT"]
[Termination "elprimo2012mortis won by resignation"]

1. e4 c6 2. Nc3 d5 3. Nf3 dxe4 4. Nxe4 Nf6 5. Qe2 Nxe4 6. Qxe4 Qd5 7. Qh4 Qe6+ 8. Be2 Qg6 9. O-O Qxc2 10. b3 Qf5 11.
Bb2 Qg4 12. Rfe1 Qxh4 13. Nxh4 Be6 14. Nf3 Nd7 15. Nd4 Bd5 16. Nf5 e6 17. Bf1 Rg8 18. Ne3 O-O-O 19. Rac1 Bd6 20. Nc4 Bc7 21. b4 Bxc4 22.
Rxc4 Nb6 23. Rc2 a6 24. g3 Kb8 25. f4 Na4 26. Ba1 Bb6+ 27. Kg2 Bd4 28. Bc3 Rd6 29.
Re4 Rgd8 30. Bc4 Bxc3 31. dxc3 Rd2+ 32. Re2 Rxc2 33. Rxc2 Kc7 34. Bb3 Nb6 35. f5 exf5 36. Bxf7 g6 37. h4 Rd7 38. Bg8 Nd5 39. h5 Ne3+ 0-1

[Event "Early-Titled-Tuesday-Blitz-October-10-2023"]
[Site "Chess.com"]
[Date "2023.10.10"]
[Round "10"]
[White "ZeGood_ZeBad_ZeUgly"]
[Black "YairParkhov"]
[Result "1-0"]
[WhiteElo "2343"]
[BlackElo "2509"]
[TimeControl "180+1"]
[EndTime "9:53:34 PDT"]
[Termination "ZeGood_ZeBad_ZeUgly won by resignation"]

1. e4 e6 2. d4 d5 3. Nd2 Nf6 4. e5 Nfd7 5. c3 b6 6. f4 f5 7. Ndf3 Ba6 8. h3 Bxf1 9. Kxf1 Qe7 10. Ne2 c5 11. g4 g6 12. gxf5 gxf5 13. Rg1 Nc6 14.
Be3 c4 15. Bf2 Bh6 16. Bh4 Qf7 17. Bg5 Qh5 18. Rg3 Bxg5 19. Nxg5 Nf8 20. Kf2 h6 21. Nf3 Ne7 22. b3 Rc8 23. Nd2 b5 24. a4 a6 25.
axb5 axb5 26. Ra5 Rg8 27. Qg1 Rxg3 28. Qxg3 b4 29. bxc4 dxc4 30. cxb4 Nd5 31. Rc5 Rxc5 32. bxc5 Ng6 33. Qf3 Qh4+ 34. Qg3 Qh5 35. Nxc4 Ngxf4 36. Nxf4 Qd1 37. Qg8+ 1-0

[Event "Early-Titled-Tuesday-Blitz-October-10-2023"]
[Site "Chess.com"]
[Date "2023.10.10"]
[Round "10"]
[White "kreonx"]
[Black "NicolaiMaxime"]
[Result "1-0"]
[WhiteElo "2485"]
[BlackElo "2584"]
[TimeControl "180+1"]
[EndTime "9:53:37 PDT"]
[Termination "kreonx won by checkmate"]

1. e4 c5 2. Nc3 Nc6 3. g3 g6 4. Bg2 Bg7 5. d3 Nf6 6. Be3 b6 7. e5 Ng8 8. f4 Bb7 9. Nf3 e6 10.
Ne4 Bf8 11. O-O f5 12. Nd6+ Bxd6 13. exd6 Qb8 14. d4 cxd4 15. Bxd4 e5 16. Nxe5 Nxd4 17. Qxd4 Nf6 18. Bxb7 Qxb7 19. Nxg6 Kf7 20. Nxh8+ Rxh8 21. Rfe1 h5 22. Re7+ Kg6 23. Rae1 h4 24. R1e6 Rf8 25. gxh4 Qf3 26. Re3 Qc6 27. Rg3+ Kh5 28. Rg5+ Kh6 29. Rgg7 Qxc2 30. Qxf6+ Rxf6 31. Rh7+ Kg6 32. Reg7# 1-0

[Event "Early-Titled-Tuesday-Blitz-October-10-2023"]
[Site "Chess.com"]
[Date "2023.10.10"]
[Round "10"]
[White "Actuary44"]
[Black "AsaHoffmann"]
[Result "1-0"]
[WhiteElo "2527"]
[BlackElo "2394"]
[TimeControl "180+1"]
[EndTime "9:53:42 PDT"]
[Termination "Actuary44 won by resignation"]

1. e4 d6 2. d4 Nf6 3. Nc3 c6 4. Bg5 Nbd7 5. f3 Qa5 6. Qd2 b5 7. h4 e5 8. d5 b4 9. dxc6 bxc3 10. cxd7+ Bxd7 11. bxc3 Rc8 12. c4 Qa4 13. Bd3 Be7 14.
Ne2 Be6 15. Nc3 Qa5 16. Nd5 Qxd2+ 17. Kxd2 Nxd5 18. cxd5 Bxg5+ 19. hxg5 Bd7 20. Rab1 Ke7 21. Rb7 a5 22. Bb5 Rcd8 23. Ra7 h6 24. gxh6 gxh6 25.
Rb1 h5 26. Bc6 Rhg8 27. Rbb7 Rxg2+ 28. Kd3 Rf2 29. Rxd7+ Rxd7 30. Rxd7+ Kf8 31. Rxd6 Rxf3+ 32. Kc4 Kg7 33. Bd7 h4 34. Rb6 h3 35. Rb1 h2 36.
Rh1 Rf2 37. Kd3 Kf6 38. d6 Kg5 39. Bf5 Kf6 40. a4 Rf3+ 41. Ke2 Rc3 42. Kd2 Rc6 43.
d7 Ke7 44. Rxh2 1-0

[Event "Early-Titled-Tuesday-Blitz-October-10-2023"]
[Site "Chess.com"]
[Date "2023.10.10"]
[Round "10"]
[White "K_A_S_T_O_R"]
[Black "Leonid_Starozhilov"]
[Result "1-0"]
[WhiteElo "2903"]
[BlackElo "2747"]
[TimeControl "180+1"]
[EndTime "9:53:43 PDT"]
[Termination "K_A_S_T_O_R won by resignation"]

1. e4 Nc6 2. Nf3 d6 3. Bb5 Nf6 4. Nc3 g6 5. d4 a6 6. Bxc6+ bxc6 7. h3 Bg7 8. O-O O-O 9. Be3 Rb8 10. Rb1 Nd7 11. Qd2 c5 12. Bh6 Bb7 13. d5 c6 14.
Rfe1 Nf6 15. Bxg7 Kxg7 16. Rbd1 Re8 17. b3 Qa5 18. Qd3 Rbd8 19. Nd2 Qc7 20. Nc4 a5 21. Ne3 e5 22. dxc6 Bxc6 23. a4 Re6 24. f3 Nh5 25.
Ne2 Bb7 26. Qc3 Qb6 27. Nc4 Qb4 28. Nxa5 Ba8 29. Qxb4 cxb4 30. Nc4 d5 31. exd5 Rxd5 32. Rxd5 Bxd5 33. Ne3 Bb7 34. Rd1 Re7 35. Kf2 Rc7 36.
Rd6 Nf6 37. Rb6 e4 38. f4 Nd5 39. Rxb7 1-0

[Event "Early-Titled-Tuesday-Blitz-October-10-2023"]
[Site "Chess.com"]
[Date "2023.10.10"]
[Round "10"]
[White "Zq1"]
[Black "MightyGMpretender"]
[Result "1-0"]
[WhiteElo "2545"]
[BlackElo "2730"]
[TimeControl "180+1"]
[EndTime "9:53:44 PDT"]
[Termination "Zq1 won by resignation"]

1. d4 Nf6 2. c4 e6 3. Nc3 Bb4 4. a3 Bxc3+ 5. bxc3 d6 6. e3 b6 7. Bd3 Bb7 8. f3 e5 9. e4 Nc6 10. Ne2 Qe7 11. O-O Na5 12. Ng3 Bc8 13. f4 h6 14.
h3 c5 15. Be3 Be6 16. fxe5 dxe5 17. d5 Bd7 18. Qf3 O-O-O 19. a4 Rhf8 20. Rfb1 Ne8 21.
Rb5 Bxb5 22. axb5 Nd6 23. Rxa5 bxa5 24. Bxc5 Qc7 25. Qe3 Kb7 26. Bxd6 Rxd6 27. c5 Rdd8 28. Nf5 g6 29. d6 Qb8 30. Ne7 Rxd6 31. cxd6 Qxd6 32. Nc6 Ra8 33. Bc4 Qc7 34. Bd5 Qb6 35.
Nxa5+ Kc7 36. Qxb6+ axb6 37. Bxa8 bxa5 38. Bd5 f5 39. exf5 gxf5 40. Ba2 Kb6 41. c4 Kc5 42. Kf2 a4 43. Ke3 a3 44. g4 f4+ 45. Ke4 1-0

[Event "Early-Titled-Tuesday-Blitz-October-10-2023"]
[Site "Chess.com"]
[Date "2023.10.10"]
[Round "10"]
[White "Kotofeyca"]
[Black "vishwa_vijeta"]
[Result "0-1"]
[WhiteElo "2429"]
[BlackElo "2549"]
[TimeControl "180+1"]
[EndTime "9:53:46 PDT"]
[Termination "vishwa_vijeta won by resignation"]

1. d4 Nf6 2. c4 g6 3. f3 d5 4.
cxd5 Nxd5 5. e4 Nb6 6. Nc3 Bg7 7. Be3 c6 8. Qd2 O-O 9. O-O-O Be6 10. h4 Bc4 11. Nge2 Na6 12. h5 e5 13. Bh6 Bf6 14.
Bxf8 Qxf8 15. hxg6 hxg6 16. dxe5 Bxe5 17. f4 Bg7 18. e5 Nb4 19. Nd4 Nxa2+ 20. Kb1 Nb4 21. Bxc4 Nxc4 22. Qe2 Qc5 23. Nb3 Na3+ 24. bxa3 Qxc3 25.
Qb2 Qxb2+ 26. Kxb2 Nd5 27. g3 g5 28. Rdf1 gxf4 29. gxf4 Nxf4 30. Rhg1 Nd3+ 31. Kc3 Nxe5 32. Rf5 Ng6+ 33. Kc2 Re8 34. Nc5 b6 35. Nd3 Re2+ 36.
Kd1 Ra2 37. Nf4 Ra1+ 38. Ke2 Rxg1 39. Nh5 Bh6 40. Nf6+ Kg7 41. Ne8+ Kf8 42. Nd6 Nh8 43. Nc8 Rg5 44. Rf3 Re5+ 45. Kd3 a5 46. Nxb6 Rb5 47.
Nd7+ Ke7 48. Nf6 Rb3+ 49. Ke4 Rxf3 50. Ng8+ Kf8 51. Nxh6 Rf1 0-1

[Event "Early-Titled-Tuesday-Blitz-October-10-2023"]
[Site "Chess.com"]
[Date "2023.10.10"]
[Round "10"]
[White "Man-Chuk"]
[Black "LeoLV10"]
[Result "1-0"]
[WhiteElo "2758"]
[BlackElo "2563"]
[TimeControl "180+1"]
[EndTime "9:53:47 PDT"]
[Termination "Man-Chuk won by resignation"]

1. e4 c6 2. Nf3 d5 3. Nc3 Bg4 4. h3 Bxf3 5. Qxf3 e6 6. Be2 Nd7 7. O-O Ngf6 8. d4 dxe4 9. Nxe4 Nxe4 10. Qxe4 Bd6 11. c3 Nf6 12. Qf3 Qc7 13. a4 Nd5 14. g3 Ne7 15. Re1 Ng6 16. h4 Ne7 17. Bd3 a6 18. Bg5 h6 19. Bd2 c5 20. dxc5 Bxc5 21. Bf4 Bd6 22. Bxd6 Qxd6 23. Qxb7 O-O 24. Qe4 g6 25. h5 Rab8 26. hxg6 Nxg6 27. b4 Rfc8 28. Rac1 Rd8 29. Re3 Qc7 30. Qg4 h5 31. Qxh5 Rd5 32. Qg4 Kg7 33. Bxg6 fxg6 34. Rxe6 Qf7 35. Rce1 Rd7 36. Rxg6+ Qxg6 37. Qxd7+ Kh8 38.
Re6 Qb1+ 39. Kg2 Rf8 40. Qd4+ Kg8 41. Qg4+ Kh8 42. Rh6+ 1-0

[Event "Early-Titled-Tuesday-Blitz-October-10-2023"]
[Site "Chess.com"]
[Date "2023.10.10"]
[Round "10"]
[White "Mikhail_Golubev"]
[Black "kacprekt"]
[Result "1-0"]
[WhiteElo "2615"]
[BlackElo "2487"]
[TimeControl "180+1"]
[EndTime "9:53:48 PDT"]
[Termination "Mikhail_Golubev won by resignation"]

1. e4 Nc6 2. Nc3 g6 3. d4 d6 4. Be3 Bg7 5. d5 Nb8 6. Qd2 c6 7. O-O-O a6 8. h4 h5 9. Nh3 c5 10. Ng5 b5 11. e5 Bxe5 12. f4 Bg7 13. Bd3 c4 14. Bd4 Bxd4 15. Bxg6 Bf6 16. Nxf7 Qa5 17.
Nxd6+ Kd8 18. Nf7+ Ke8 19. d6 e6 20. d7+ Bxd7 21. Ne5+ Kf8 22. Nxd7+ Kg7 23. Nxf6 Nxf6 24.
Qd6 Ra7 25. Ne4 Nbd7 26. Qxe6 Kxg6 27. f5+ Kg7 28. Qe7+ Kh6 29. Nxf6 Qxa2 30. Ng8+ Rxg8 31. Rd6+ 1-0

[Event "Early-Titled-Tuesday-Blitz-October-10-2023"]
[Site "Chess.com"]
[Date "2023.10.10"]
[Round "10"]
[White "LaPiToB"]
[Black "MMAHDI2013"]
[Result "0-1"]
[WhiteElo "2310"]
[BlackElo "2485"]
[TimeControl "180+1"]
[EndTime "9:53:49 PDT"]
[Termination "MMAHDI2013 won by resignation"]

1. d4 Nf6 2. c4 e6 3. Nc3 Bb4 4. e3 O-O 5. Ne2 d5 6. a3 Be7 7.
cxd5 exd5 8. Nf4 c6 9. Bd3 a5 10. O-O Na6 11. h3 Nc7 12. b3 Ne6 13. Nfe2 c5 14. dxc5 Nxc5 15. Bc2 Be6 16. Bb2 Rc8 17. Nd4 Bd7 18. Nce2 Nfe4 19. Nf4 Bd6 20. Nxd5 Qg5 21. Nf4 Bxf4 22. exf4 Qxf4 23. b4 axb4 24. axb4 Ne6 25. Ne2 Qd2 26. Qxd2 Nxd2 27. Bd3 Nxf1 28. Kxf1 Ra8 29.
Rd1 Rfd8 30. Rc1 Bc6 31. Bb1 Rd2 32. Bc3 Rd7 33. Ng3 Rad8 34. Bc2 Bb5+ 35. Kg1 Rc7 36. Bb2 Rdc8 37. Nf5 Rxc2 0-1

[Event "Early-Titled-Tuesday-Blitz-October-10-2023"]
[Site "Chess.com"]
[Date "2023.10.10"]
[Round "10"]
[White "DanyKopy"]
[Black "LuisFSiles"]
[Result "1-0"]
[WhiteElo "2552"]
[BlackElo "2332"]
[TimeControl "180+1"]
[EndTime "9:53:51 PDT"]
[Termination "DanyKopy won by resignation"]

1. e4 c5 2. Nf3 Nc6 3. d4 cxd4 4. Nxd4 Nf6 5. Nc3 e5 6. Ndb5 d6 7. Bg5 a6 8. Na3 b5 9. Bxf6 gxf6 10. Nd5 f5 11. exf5 Bxf5 12. c3 Bg7 13. Nc2 Be6 14.
Nce3 Ne7 15. g3 Nxd5 16. Nxd5 O-O 17. Bg2 Rb8 18. O-O a5 19. Qe2 Kh8 20. a4 b4 21.
cxb4 Bxd5 22. Bxd5 Rxb4 23. b3 f5 24. Rad1 e4 25.
Bc4 Be5 26. Rd5 Qb6 27. Qh5 e3 28. fxe3 Qxe3+ 29. Kg2 f4 30. Rd3 Qe4+ 31. Qf3 Qg6 32. Qd5 Re8 33. Rdf3 Rbb8 34. Qxa5 fxg3 35. hxg3 Re7 36.
Qd5 Kg7 37. Rf7+ Rxf7 38. Rxf7+ Kh6 39. Qd2+ Qg5 40. Rxh7+ Kxh7 41. Qxg5 1-0

[Event "Early-Titled-Tuesday-Blitz-October-10-2023"]
[Site "Chess.com"]
[Date "2023.10.10"]
[Round "10"]
[White "ChessTankMan"]
[Black "Krlence"]
[Result "1-0"]
[WhiteElo "2532"]
[BlackElo "2445"]
[TimeControl "180+1"]
[EndTime "9:53:53 PDT"]
[Termination "ChessTankMan won on time"]

1. e4 c6 2. d4 d5 3. f3 Qb6 4. Nc3 dxe4 5. fxe4 e5 6. Nf3 exd4 7. Nxd4 Nf6 8. Bc4 Bc5 9. Na4 Qb4+ 10. c3 Qxc4 11. b3 Qa6 12. Nxc5 Qb6 13. b4 O-O 14. O-O Nbd7 15. Nxd7 Nxd7 16. Be3 Qc7 17. Nf5 Ne5 18. Qe1 Bxf5 19. Rxf5 Ng6 20. h4 Rfe8 21. h5 Nf8 22. Bd4 Ne6 23. h6 Nxd4 24. cxd4 Qe7 25. Qg3 g6 26. Rf4 Qxb4 27. e5 Rad8 28. Raf1 Re7 29.
Qg5 Rxd4 30. Qf6 1-0

[Event "Early-Titled-Tuesday-Blitz-October-10-2023"]
[Site "Chess.com"]
[Date "2023.10.10"]
[Round "10"]
[White "rikchessmx"]
[Black "Zeck_CH"]
[Result "1-0"]
[WhiteElo "2317"]
[BlackElo "2444"]
[TimeControl "180+1"]
[EndTime "9:53:54 PDT"]
[Termination "rikchessmx won on time"]

1. e4 Nc6 2. Nc3 e5 3. Bc4 Nf6 4. d3 Be7 5. Nf3 d6 6. Nd5 O-O 7. Nxe7+ Qxe7 8. h3 a6 9. c3 Na5 10. Bb3 Nxb3 11. axb3 h6 12. b4 Be6 13. Be3 Nd7 14. Qc2 f5 15. c4 fxe4 16. dxe4 Qf7 17. b3 Nf6 18. Nd2 Qg6 19. g3 c6 20. O-O-O a5 21.
bxa5 Rxa5 22. Kb2 Rfa8 23. Ra1 Rxa1 24. Rxa1 Rxa1 25. Kxa1 Bxh3 26. Qd3 Nd7 27. Nb1 Kh7 28. Nc3 Qf6 29. Kb2 Nc5 30. Qe2 Ne6 31. Qd2 Nd4 32.
f4 Be6 33. f5 Bf7 34. g4 Nf3 35. Qf2 Nd4 36. Qg3 g5 37. Qh2 Kg7 38. Qg1 b5 39. cxb5 Nxb5 40. Nxb5 cxb5 41. Qd1 Qd8 42. Bc5 Qa8 43.
Qxd6 Kh7 44. Qxe5 Qc6 45. Bd4 1-0

[Event "Early-Titled-Tuesday-Blitz-October-10-2023"]
[Site "Chess.com"]
[Date "2023.10.10"]
[Round "10"]
[White "Krakozia"]
[Black "Harry_Rakkel"]
[Result "1-0"]
[WhiteElo "2986"]
[BlackElo "2657"]
[TimeControl "180+1"]
[EndTime "9:53:55 PDT"]
[Termination "Krakozia won by checkmate"]

1. e4 c5 2. Nf3 d6 3. d4 cxd4 4. Nxd4 Nf6 5. Nc3 a6 6. Bc4 e6 7. Be3 Be7 8. Bb3 O-O 9. g4 b5 10. g5 Nfd7 11. Rg1 Nc5 12. a3 Bb7 13. f3 Nbd7 14. Ba2 Qc7 15. Qe2 Rab8 16. h4 Na4 17.
Nxa4 bxa4 18. O-O-O Nc5 19. h5 Qb6 20. c3 Rfc8 21.
Kb1 d5 22. g6 Bf6 23. gxf7+ Kxf7 24. Ka1 Qa5 25. Bf4 e5 26. exd5 exf4 27. d6+ Nb3+ 28.
Bxb3+ axb3 29. Qe6+ Kf8 30. h6 Re8 31. hxg7+ Bxg7 32. Rxg7 Rxe6 33. Nxe6+ Ke8 34. d7# 1-0

[Event "Early-Titled-Tuesday-Blitz-October-10-2023"]
[Site "Chess.com"]
[Date "2023.10.10"]
[Round "10"]
[White "Smiechu"]
[Black "LileKoridze"]
[Result "1-0"]
[WhiteElo "2496"]
[BlackElo "2351"]
[TimeControl "180+1"]
[EndTime "9:53:55 PDT"]
[Termination "Smiechu won by resignation"]

1. e4 c5 2. Nf3 d6 3. d4 cxd4 4.
Nxd4 Nf6 5. Nc3 a6 6. Be3 e5 7. Nb3 Be7 8. Qd2 O-O 9. O-O-O Be6 10. f4 Nbd7 11. f5 Bxb3 12. axb3 Qc7 13. g4 h6 14.
h4 Nxg4 15. Rg1 Nxe3 16. Qxe3 Kh7 17. Nd5 Qd8 18. Bh3 Bxh4 19. Kb1 Bg5 20. Qf3 f6 21. Bg4 Nb6 22. Nc3 Qc7 23. Bh5 Rac8 24. Bg6+ Kg8 25. Qd3 Rfd8 26. Nd5 Nxd5 27. Qxd5+ Kf8 28. c4 b5 29.
Rdf1 Rd7 30. Bh7 Ke7 31. Bg6 Kf8 32. Rxg5 fxg5 33. f6 gxf6 34. Qe6 Kg7 35. Qxf6+ Kg8 36. Bf5 Rf7 37. Be6 Rf8 38. Qg6+ Kh8 39. Qxh6+ Kg8 40.
Qg6+ 1-0

[Event "Early-Titled-Tuesday-Blitz-October-10-2023"]
[Site "Chess.com"]
[Date "2023.10.10"]
[Round "10"]
[White "nitpicker"]
[Black "Rosh1610"]
[Result "0-1"]
[WhiteElo "2266"]
[BlackElo "2425"]
[TimeControl "180+1"]
[EndTime "9:54:01 PDT"]
[Termination "Rosh1610 won on time"]

1. d4 Nf6 2. c4 c5 3. d5 e6 4. Nc3 b5 5. Bg5 d6 6. f3 bxc4 7. e4 e5 8. Bxc4 Be7 9. Nge2 O-O 10. O-O Ba6 11. Bxa6 Nxa6 12. Be3 Nd7 13. Qa4 Nc7 14. Rab1 Nb6 15. Qc6 Nc4 16. Bc1 Rb8 17. Qa4 Rb4 18.
Qc2 Rb7 19. b3 Nb6 20. b4 Na6 21. bxc5 Nxc5 22. Be3 Qc8 23. Nb5 Nbd7 24. Rfc1 f5 25. Nec3 a6 26. Na3 Rc7 27. Qd2 Nf6 28. exf5 Qxf5 29. Nc4 Rfc8 30. Nb6 Rd8 31. Qc2 Qxc2 32. Rxc2 Rb8 33. a4 Nxa4 34. Nbxa4 Rxb1+ 35. Kf2 Rb3 36. Bb6 Rc4 0-1

[Event "Early-Titled-Tuesday-Blitz-October-10-2023"]
[Site "Chess.com"]
[Date "2023.10.10"]
[Round "10"]
[White "angryspacevoid"]
[Black "Journey_to_GrandMaster_YT"]
[Result "1-0"]
[WhiteElo "2534"]
[BlackElo "2622"]
[TimeControl "180+1"]
[EndTime "9:54:02 PDT"]
[Termination "angryspacevoid won on time"]

1. e4 d6 2. d4 Nf6 3. Nc3 e5 4. Nf3 Nbd7 5. h3 c6 6. Be3 b5 7. a3 Bb7 8. Bd3 a5 9. O-O b4 10.
Ne2 exd4 11. Nexd4 g6 12. Re1 Bg7 13. Bf4 O-O 14.
Bxd6 Re8 15. e5 Nd5 16. e6 fxe6 17. Nxe6 Qf6 18. Nxg7 Kxg7 19. Bg3 Qxb2 20. axb4 axb4 21. Rxa8 Rxa8 22. Ne5 N7f6 23. Nc4 Qd4 24. Be5 Qh4 25.
Qf3 Rf8 26. Nd6 Ba8 27. Ra1 Qg5 28. Ra7+ Kg8 29. Qe2 Re8 30. Nxe8 Nxe8 31. Rxa8 Qe7 32. Qe4 Kf7 33. Qd4 Nec7 34. Ra7 Qe6 35. Bc4 Qe7 36.
Rxc7 1-0

[Event "Early-Titled-Tuesday-Blitz-October-10-2023"]
[Site "Chess.com"]
[Date "2023.10.10"]
[Round "10"]
[White "secretsuperstar7"]
[Black "Zurability"]
[Result "0-1"]
[WhiteElo "2458"]
[BlackElo "2725"]
[TimeControl "180+1"]
[EndTime "9:54:03 PDT"]
[Termination "Zurability won by checkmate"]

1. c4 Nf6 2. Nc3 e5 3. g3 Bc5 4.
Bg2 O-O 5. e4 Nc6 6. Nge2 Ng4 7.
O-O Qf6 8. Qe1 Nb4 9. Nd5 Qh6 10. h3 Nd3 11. Qd1 Ngxf2 12. Rxf2 Bxf2+ 13. Kh2 d6 14. Qb3 Nxc1 15. Rxc1 c6 16. Ne7+ Kh8 17. Rf1 Bb6 18. c5 Be6 19. Qf3 Bxc5 20. d3 Qe3 21. Qh5 Rae8 22.
Rf3 Qd2 23. d4 exd4 24. Rf4 Rxe7 25. Rh4 h6 26. Nf4 d3 27. Qg5 Qf2 28. Rxh6+ Kg8 29. g4 Qg1+ 30. Kg3 Qf2+ 31. Kh2 Be3 32. Rf6 Qg1+ 33.
Kg3 Qe1+ 34. Kh2 Bg1+ 35. Kh1 Bf2+ 36. Kh2 Qg1# 0-1

[Event "Early-Titled-Tuesday-Blitz-October-10-2023"]
[Site "Chess.com"]
[Date "2023.10.10"]
[Round "10"]
[White "topin8"]
[Black "cande_francisco"]
[Result "0-1"]
[WhiteElo "2434"]
[BlackElo "2530"]
[TimeControl "180+1"]
[EndTime "9:54:04 PDT"]
[Termination "cande_francisco won on time"]

1. e4 c5 2. Nf3 g6 3. c3 d5 4. e5 Bg7 5. d4 Nc6 6. Bb5 Bg4 7.
h3 Bxf3 8. Qxf3 e6 9. Bxc6+ bxc6 10. O-O cxd4 11. cxd4 c5 12. dxc5 Bxe5 13. Nc3 Ne7 14. Bg5 O-O 15. Bf6 Bxf6 16. Qxf6 Rb8 17. Rfe1 Nf5 18. Qxd8 Rfxd8 19. b3 Rdc8 20. Na4 Rb4 21.
Red1 Kf8 22. Kf1 Ke7 23. Rac1 Kd7 24. Rd3 Kc6 25. Ke2 Nd4+ 26. Ke3 e5 27. Kd2 Ne6 28. Re3 f6 29. Re2 Nf4 30. Re3 Nxg2 31. Rf3 Nf4 32.
a3 Rd4+ 33. Kc2 a5 34. Kb2 Rb8 35. Rc2 Rxa4 36. Ka2 Rd4 0-1

[Event "Early-Titled-Tuesday-Blitz-October-10-2023"]
[Site "Chess.com"]
[Date "2023.10.10"]
[Round "10"]
[White "GaiozNigalidze"]
[Black "THE_PLAYER6"]
[Result "1-0"]
[WhiteElo "2731"]
[BlackElo "2558"]
[TimeControl "180+1"]
[EndTime "9:54:05 PDT"]
[Termination "GaiozNigalidze won by checkmate"]

1. d4 Nf6 2. c4 e6 3. Nf3 d5 4. Nc3 a6 5. cxd5 exd5 6. Bf4 Bd6 7. g3 Bxf4 8. gxf4 c6 9. Bg2 O-O 10. O-O Re8 11. e3 Ne4 12. Nxe4 dxe4 13. Nd2 f5 14. Nc4 Be6 15. Ne5 Qc7 16. Rc1 Nd7 17. d5 Bf7 18. Nxf7 Kxf7 19. dxc6 bxc6 20. Qb3+ Re6 21.
Rfd1 Nf6 22. Bf1 Ke7 23. Rc5 g6 24. Bc4 Rd6 25. Re5+ Kf8 26. Rxd6 Qxd6 27. Re6 Qd8 28. Qb7 Nd7 29. Rd6 Ke7 30. Qxc6 Rc8 31. Re6+ Kf8 32. Qd5 Qc7 33. Rc6 Nf6 34. Rxc7 Rxc7 35. Qd6+ Re7 36. Qxf6+ Ke8 37. Bxa6 Kd8 38. Bb5 Kc7 39. Qxe7+ Kb6 40.
Bc4 Ka5 41. b4+ Ka4 42. b5 g5 43. Qc5 h5 44. Bb3+ Ka5 45. b6+ Ka6 46. Bc4+ Kb7 47. Qc7+ Ka8 48. Bd5# 1-0

[Event "Early-Titled-Tuesday-Blitz-October-10-2023"]
[Site "Chess.com"]
[Date "2023.10.10"]
[Round "10"]
[White "Mystery2007"]
[Black "jaskol95"]
[Result "0-1"]
[WhiteElo "2473"]
[BlackElo "2590"]
[TimeControl "180+1"]
[EndTime "9:54:05 PDT"]
[Termination "jaskol95 won by resignation"]

1. e4 d5 2. exd5 Nf6 3. Nf3 Nxd5 4. h3 Nc6 5. d4 Bf5 6. Be2 e6 7. a3 Be7 8. O-O O-O 9. c4 Nf6 10. Nc3 a5 11. Be3 Re8 12. Rc1 Bf8 13. Qa4 Ne7 14.
Rfd1 Ng6 15. Ne5 Qe7 16. g4 Be4 17. g5 b5 18. cxb5 Bb7 19. gxf6 Qxf6 20. Ng4 Qh4 21. Bf1 f5 22. Ne5 f4 23. Nxg6 Qg5+ 24. Kh2 fxe3 25.
f4 Qxg6 26. Qc2 Qh5 27. Qe2 Qh6 28. Qxe3 Bd6 29. Ne2 Rf8 30. Bg2 Rxf4 31. Bxb7 Rf2+ 32. Kg1 Qxe3 33. Rc3 Qxe2 34. Rdc1 Raf8 35. R3c2 Rf1+ 0-1

[Event "Early-Titled-Tuesday-Blitz-October-10-2023"]
[Site "Chess.com"]
[Date "2023.10.10"]
[Round "10"]
[White "Zavgorodniy_Sergiy"]
[Black "motivated_bishop"]
[Result "0-1"]
[WhiteElo "2638"]
[BlackElo "2513"]
[TimeControl "180+1"]
[EndTime "9:54:06 PDT"]
[Termination "motivated_bishop won by resignation"]

1. e4 e5 2. Nf3 Nc6 3. d3 Nf6 4. Be2 d5 5. exd5 Nxd5 6. O-O Bc5 7.
c3 O-O 8. Nxe5 Nxe5 9. d4 Bd6 10. dxe5 Bxe5 11. Bf3 Be6 12. Re1 Bf6 13. Nd2 c6 14. Ne4 Be7 15. Ng3 Qc7 16. Qc2 Rfe8 17. Bd2 Rad8 18. Rad1 a5 19. Bc1 b5 20. Nf5 Bf6 21. Nd4 Bd7 22. Bxd5 cxd5 23. Rxe8+ Rxe8 24. Be3 Qc4 25. a3 h6 26. Qd2 Bg4 27. Ra1 Rb8 28. f3 Bh5 29. Rd1 b4 30. cxb4 axb4 31. b3 Qc3 32.
Qxc3 bxc3 33. b4 Bg6 34. Nc6 Re8 35. Kf2 c2 36. Rh1 Bd3 37. Nd4 Rc8 38. b5 Bxd4 39.
Bxd4 c1=Q 40. Rxc1 Rxc1 41. b6 Rb1 42. a4 Ba6 43. a5 f6 44. Ke3 Kf7 0-1

[Event "Early-Titled-Tuesday-Blitz-October-10-2023"]
[Site "Chess.com"]
[Date "2023.10.10"]
[Round "10"]
[White "Anton_Demchenko"]
[Black "MikaelyanArman"]
[Result "1-0"]
[WhiteElo "3029"]
[BlackElo "2860"]
[TimeControl "180+1"]
[EndTime "9:54:07 PDT"]
[Termination "Anton_Demchenko won on time"]

1. e4 e5 2. Nf3 Nc6 3. Bc4 Nf6 4. d3 Bc5 5. Bg5 h6 6. Bh4 g5 7. Bg3 d6 8. c3 Bb6 9. Nbd2 Be6 10. a4 a6 11. b4 d5 12. exd5 Nxd5 13. Qb3 Qd7 14. Nxe5 Nxe5 15. Bxe5 f6 16. Ne4 O-O-O 17. Nxf6 Qf7 18.
O-O Kb8 19. d4 Nf4 20. Bxe6 Nxe6 21. a5 Ba7 22. b5 axb5 23. Qxb5 Ka8 24. a6 c6 25.
axb7+ Qxb7 26. Qa4 Rc8 27. Rfb1 Qe7 28. Ne4 Nf4 29.
Kh1 Ne2 30. Qc4 Rhf8 31. Qxe2 g4 32. Nc5 g3 33. hxg3 1-0

[Event "Early-Titled-Tuesday-Blitz-October-10-2023"]
[Site "Chess.com"]
[Date "2023.10.10"]
[Round "10"]
[White "salomez"]
[Black "atalz0"]
[Result "0-1"]
[WhiteElo "2323"]
[BlackElo "2490"]
[TimeControl "180+1"]
[EndTime "9:54:07 PDT"]
[Termination "atalz0 won by resignation"]

1. d4 Nf6 2. Nc3 d5 3. Bf4 c5 4. e3 cxd4 5. exd4 Bg4 6. Qd2 Nc6 7. f3 Bd7 8. g4 e6 9. O-O-O a6 10. Nge2 b5 11.
Kb1 b4 12. Na4 Qa5 13. Nc5 Bxc5 14. dxc5 Qxc5 15. g5 Nh5 16. Be3 Qe7 17. f4 Na5 18. Ng3 Nxg3 19. hxg3 Bb5 20. Bd4 Bxf1 21. Rdxf1 f6 22.
gxf6 gxf6 23. Re1 Nc4 24. Qd3 Kd7 25. Rh6 Raf8 26. f5 e5 27. b3 Na3+ 28. Ka1 Qd6 29. Bxe5 Re8 30. Qxa6 Qxa6 31. Rd1 Rxe5 32. Rh4 Qe2 33.
Rhd4 Qxc2 0-1